 Dungeon Crawl Stone Soup version 0.32-a0-120-gfac0567ad4 (webtiles) character file.

Game seed: 16696370266477317378

43 lunkers the Poker (level 3, 0/36 HPs)
             Began as an Oni Gladiator on Feb 6, 2024.
             Succumbed to an adder's poison
             ... on level 3 of the Dungeon.
             The game lasted 00:03:23 (1421 turns).

lunkers the Poker (Oni Gladiator)                   Turns: 1421, Time: 00:03:23

Health: 0/36       AC:  3    Str: 20    XL:     3   Next: 58%
Magic:  3/3        EV: 10    Int:  9    God:
Gold:   84         SH:  0    Dex: 10    Spells: 2/2 levels left

rFire   . . .        a - +0 trident
rCold   . . .        (no shield)
rNeg    . . .        b - +0 robe
rPois   .            c - +0 hat
rElec   .            (no cloak)
rCorr   .            (gloves unavailable)
SInv    .            (boots unavailable)
Will    .....        (no amulet)
Stlth   +            (no ring)
HPRegen 0.26/turn    (no ring)
MPRegen 0.08/turn

%: no passive effects
@: lethally poisoned (0 -> -3)
A: large, unfitting armour, horns 1, tough skin 1, double potion healing,
drunken brawling
a: no special abilities


You were on level 3 of the Dungeon.
You visited 1 branch of the dungeon, and saw 3 of its levels.

You collected 84 gold pieces.

Inventory:

Hand Weapons
 a - a +0 trident (weapon)
Missiles
 d - 3 throwing nets
 e - a large rock
Armour
 b - a +0 robe (worn)
 c - a +0 hat (worn)
Wands
 i - a wand of flame (26)
Scrolls
 f - 2 scrolls of amnesia {unknown}
 h - a scroll of teleportation {unknown}
Potions
 g - 2 potions of degeneration {unknown}


   Skills:
 - Level 2.6 Fighting
 * Level 4.5 Polearms
 - Level 2.0 Throwing
 - Level 2.6 Dodging


You had 2 spell levels left.
You didn't know any spells.
Your spell library was empty.

Dungeon Overview and Level Annotations

Branches:
Dungeon (3/15)

Altars:

Shops:
D:2 =


Innate Abilities, Weirdness & Mutations

You are too large for most types of armour.
You have a pair of small horns on your head.
You have tough skin. (AC +1)
You gain doubled healing and magic from potions.
Whenever you drink a healing potion, you attack all around you.


Message History

The adder is lightly wounded.
The adder closely misses you.
Unknown command.
Okay, then.
Reach: a) +0 trident
Press: ? - help, Dir - move target, f/p - adder
Aim: an adder (lightly wounded, about 62% to evade your +0 trident)
You completely miss the adder. You punch the adder.
The adder is moderately wounded.
The adder barely misses you. x2
Reach: a) +0 trident
Press: ? - help, Dir - move target, f/p - adder
Aim: an adder (lightly wounded, about 62% to evade your +0 trident)
You barely miss the adder.
The adder is lightly wounded.
The adder bites you.
* * * LOW HITPOINT WARNING * * *
You are lethally poisoned!
The adder poisons you!
Reach: a) +0 trident
Press: ? - help, Dir - move target, f/p - adder
Aim: an adder (lightly wounded, about 62% to evade your +0 trident)
You hit the adder. Your headbutt misses the adder.
The adder is heavily wounded.
* * * LOW HITPOINT WARNING * * *
You feel sick. The adder barely misses you. The adder misses you.
Unknown command.
Reach: a) +0 trident
Press: ? - help, Dir - move target, f/p - adder
Aim: an adder (heavily wounded, about 62% to evade your +0 trident)
You hit the adder but do no damage.
The adder is heavily wounded.
* * * LOW HITPOINT WARNING * * *
You feel sick. The adder barely misses you.
Reach: a) +0 trident
Press: ? - help, Dir - move target, f/p - adder
Aim: an adder (heavily wounded, about 62% to evade your +0 trident)
You closely miss the adder. Your headbutt misses the adder.
The adder is heavily wounded.
You die...

. ##. #.. #g#
#.# #.# ######.#
#...@Sg###
#....#<..#
........#...#
...............
........#...#.##
........#.... #
..............
........#......
##. #....###


You could see an adder and a goblin.

Vanquished Creatures
  5 orcs
  3 bats
  3 endoplasms
  2 giant cockroaches (D:2)
  3 goblins
  3 hobgoblins
  A jackal (D:3)
  A quokka (D:1)
  3 ball pythons
  2 frilled lizards
  6 kobolds
  3 rats
35 creatures vanquished.

Notes
Turn   | Place    | Note
-------+----------+-------------------------------------------
     0 | D:1      | lunkers the Oni Gladiator began the quest for the Orb.
     0 | D:1      | Reached XP level 1. HP: 22/22 MP: 1/1
   272 | D:1      | Reached XP level 2. HP: 29/29 MP: 2/2
   804 | D:2      | Reached skill level 4 in Polearms
   822 | D:2      | Found Gupirr Jied's Jewellery Shop.
   871 | D:2      | Reached XP level 3. HP: 36/36 MP: 3/3
  1419 | D:3      | HP: 1/36 [poisoned by an adder]
  1421 | D:3      | Succumbed to an adder's poison

Illustrated notes

Levels and vault maps discovered:
D:1:      mrwooster_arrival_statue, layout_basic, serial_glass, glass_columns_a,
          glass_columns_b
D:2:      layout_loops_ring, serial_shops, shop
D:3:      minmay_octagon_keep, layout_rooms, mainiacjoe_overflow_two_lobes,
          gup_sewer_entry_pipe, serial_shops, nicolae_shop_hallway_stairs,
          corexii_corridor_pit, saegor_snake_ambush

Skill      XL: |  1  2 |
---------------+-------+-----
Polearms       | 4 |  4.5
Fighting       | |  2.6
Throwing       | |  2.0
Dodging        | |  2.6

Action                     || total
---------------------------++-------
  Melee: Trident           ||   101
         Headbutt          ||    11
         Punch             ||     1
   Stab: Sleeping          ||     2
 Armour: Robe              ||    56
  Dodge: Dodged            ||    48

Table legend: (Time is in decaauts)
 A = Elapsed time spent in this place.
 B = Non-inter-level travel time spent in this place.
 C = Inter-level travel time spent in this place.
 D = Time resting spent in this place.
 E = Time spent auto-exploring this place.
 F = Levels seen in this place.
 G = Mean time per level.
                   A        B        C        D        E       F      G
               +--------+--------+--------+--------+--------+-----+--------+
         Total |   1431 |   1331 |    100 |      0 |   1112 |   3 |  477.0 |
       Dungeon |   1431 |   1331 |    100 |      0 |   1112 |   3 |  477.0 |
               +--------+--------+--------+--------+--------+-----+--------+

Top non-repeatable levels by time:
     D:2: 715 daAuts
     D:1: 653 daAuts
     D:3: 62 daAuts
